Map: Abyssal Reef LE

Players

souL - Winner!

  • Race: Terran Terran
  • Spawn Location: 5:00

llllllllllll (DnS)

  • Race: Protoss Protoss
  • Spawn Location: 11:00

Event: WCS Valencia 2017

VOD

Have the link to the VOD?

Description

Time

  • Played on: July 13, 2017, 11:31 a.m.
  • Length: 8:33

All games in this series

Show
View Real Time Build Order
Export as new Build Order

souL Terran - Winner!

Build Orders: MMM Bio 

Get SALT Encoding   

  12  0:00  SCV  
  13  0:12  SCV  
  14  0:17  Supply Depot  
  14  0:24  SCV  
  15  0:38  SCV  
  15  0:40  Barracks  
  16  0:44  Refinery  
  16  0:50  SCV  
  17  1:02  SCV  
  18  1:18  SCV  
  19  1:29  Marine  
  19  1:30  Orbital Command  
  20  1:43  Command Center  
  20  1:49  Barracks Reactor  
  20  1:57  Barracks  
  20  2:02  SCV  
  21  2:10  Supply Depot  
  21  2:14  SCV  
  22  2:21  Factory  
  22  2:27  SCV, Refinery  
  23  2:31  Marine  
  23  2:35  Marine  
  25  2:40  SCV  
  26  2:45  Barracks Tech Lab  
  26  2:49  Marine  
  27  2:52  SCV, Marine  
  27  2:58  Orbital Command  
  29  3:04  Stimpack  
  29  3:13  Engineering Bay  
  29  3:16  SCV  
  30  3:21  Starport  
  30  3:23  Factory Reactor  
  30  3:26  SCV  
  31  3:29  Marine  
  31  3:31  Marine  
  31  3:33  Marine  
  34  3:37  SCV  
  34  3:38  SCV  
  36  3:44  Missile Turret  
  36  3:47  Marine  
  37  3:49  SCV, Marine  
  37  3:51  Marine  
  40  3:56  Supply Depot  
  40  3:58  SCV  
  41  4:03  SCV  
  41  4:05  Marine  
  41  4:06  Medivac  
  41  4:07  Marine  
  46  4:17  Marine, Medivac  
  46  4:18  SCV  
  46  4:19  SCV  
  46  4:22  Marine  
  46  4:23  Supply Depot  
  52  4:26  Missile Turret  
  52  4:29  Marine  
  52  4:30  SCV  
  54  4:44  Widow Mine  
  54  4:45  Marine x2, SCV x2  
  60  4:46  Supply Depot  
  60  4:47  Supply Depot  
  60  4:50  Liberator  
  60  4:51  Medivac  
  62  5:06  Terran Infantry Weapons Level 1  
  62  5:07  Marine x3  
  62  5:08  SCV x2  
  62  5:10  Supply Depot  
  70  5:20  SCV x2  
  71  5:25  Marine x3  
  68  5:36  SCV  
  68  5:37  SCV  
  68  5:41  Combat Shields  
  70  5:43  Marine x3  
  70  5:48  SCV  
  75  5:51  Medivac  
  76  5:59  SCV  
  76  6:01  Marine x3  
  76  6:04  Supply Depot  
  79  6:16  Barracks, Command Center  
  79  6:18  Barracks  
  79  6:19  Marine x3, Barracks  
  79  6:20  SCV  
  79  6:21  SCV  
  84  6:26  Medivac  
  84  6:32  SCV  
  83  6:33  SCV  
  83  6:36  Marine x3  
  81  6:44  SCV  
  81  6:45  SCV  
  77  6:53  Medivac  
  78  6:54  Marine x3  
  78  6:57  Factory Reactor  
  78  6:59  SCV  
  82  7:06  SCV  
  83  7:09  Liberator  
  83  7:10  Barracks Reactor, Barracks Tech Lab, Refinery x2  
  83  7:11  Barracks Tech Lab  
  83  7:12  Marine x2  
  83  7:15  SCV  
  82  7:18  SCV  
  81  7:27  SCV  
  81  7:29  Marine  
  87  7:31  SCV  
  87  7:32  Marauder, Marine  
  90  7:37  Marine  
  90  7:38  Marauder  
  90  7:39  SCV  
  90  7:43  SCV, Concussive Shells  
  95  7:46  Supply Depot  
  95  7:47  Supply Depot  
  95  7:51  Orbital Command  
  95  7:52  SCV  
  95  7:55  SCV  
  95  7:57  Marauder  
  99  8:04  SCV  
  96  8:08  Marine, SCV  
  91  8:18  SCV  
  93  8:32  Missile Turret  
Show
View Real Time Build Order
Export as new Build Order

llllllllllll Protoss 

Build Orders: 1 Gate Expand, Oracle Opening 

Get SALT Encoding   

  12  0:00  Probe (Chrono Boost)  
  13  0:11  Probe (Chrono Boost)  
  14  0:17  Pylon  
  14  0:22  Probe (Chrono Boost)  
  16  0:35  Probe (Chrono Boost)  
  16  0:36  Gateway  
  16  0:41  Assimilator  
  16  0:46  Probe (Chrono Boost)  
  17  0:56  Probe (Chrono Boost)  
  18  1:07  Probe (Chrono Boost)  
  19  1:19  Nexus  
  19  1:22  Probe (Chrono Boost)  
  20  1:32  Cybernetics Core  
  20  1:34  Probe (Chrono Boost)  
  21  1:40  Assimilator  
  21  1:45  Probe (Chrono Boost)  
  22  1:49  Pylon  
  22  1:55  Probe (Chrono Boost)  
  23  2:07  Probe  
  24  2:09  Warp Gate, Adept (Chrono Boost)  
  26  2:20  Probe  
  27  2:30  Probe  
  27  2:31  Stargate  
  27  2:32  Probe  
  27  2:35  Adept (Chrono Boost)  
  31  2:40  Probe  
  31  2:44  Probe  
  33  2:51  Probe  
  33  2:56  Probe  
  35  2:59  Adept (Chrono Boost)  
  35  3:02  Probe  
  35  3:04  Pylon  
  38  3:08  Probe  
  38  3:12  Probe  
  39  3:15  Oracle (Chrono Boost)  
  43  3:20  Probe  
  43  3:23  Probe  
  43  3:25  Twilight Council  
  45  3:31  Pylon  
  45  3:32  Probe  
  45  3:33  Probe  
  47  3:42  Gateway  
  47  3:43  Gateway  
  47  3:45  Probe, Mothership Core  
  50  3:49  Assimilator  
  50  3:57  Probe  
  50  3:58  Pylon  
  51  4:02  Resonating Glaives (Chrono Boost)  
  51  4:04  Probe  
  52  4:11  Probe  
  52  4:14  Adept  
  55  4:21  Nexus  
  55  4:23  Probe  
  55  4:24  Probe  
  55  4:28  Pylon  
  57  4:32  Pylon  
  57  4:37  Adept x2  
  61  4:41  Adept  
  61  4:43  Probe x2  
  65  4:48  Assimilator  
  65  4:51  Void Ray (Chrono Boost)  
  69  5:05  Adept x2  
  69  5:06  Adept  
  75  5:07  Probe  
  75  5:11  Pylon  
  75  5:12  Probe  
  72  5:26  Adept  
  72  5:27  Adept x2  
  78  5:33  Blink (Chrono Boost)  
  71  5:36  Oracle  
  71  5:40  Probe  
  74  5:42  Probe  
  74  5:44  Mothership Core  
  74  5:47  Adept x2  
  80  5:52  Probe  
  80  5:53  Probe  
  82  5:57  Sentry  
  82  6:02  Forge  
  84  6:04  Probe, Gateway  
  84  6:06  Gateway  
  80  6:16  Probe  
  81  6:20  Stalker x3  
  85  6:27  Gateway  
  82  6:38  Oracle  
  66  6:53  Probe  
  66  6:54  Probe  
  66  7:01  Sentry  
  64  7:14  Probe x2  
  66  7:20  Probe  
  62  7:26  Probe x2  
  64  7:31  Probe (Chrono Boost)  
  64  7:35  Sentry  
  67  7:38  Probe x2 (Chrono Boost)  
  67  7:43  Probe (Chrono Boost)  
  70  7:45  Sentry  
  70  7:49  Probe (Chrono Boost)  
  70  7:50  Probe (Chrono Boost)  
  74  7:53  Probe (Chrono Boost)  
  74  7:54  Sentry  
  77  8:00  Probe x2 (Chrono Boost)  
  77  8:04  Probe (Chrono Boost)  
  80  8:08  Adept x2  
  76  8:13  Stalker  
  76  8:16  Adept  
  76  8:18  Sentry  
Tags
 
Add a new tag
Caveats
  • Supply blocks, unpowered buildings, or Contaminate may cause inaccurate times.
  • Supply counts are checked every 10 seconds.